 Dungeon Crawl Stone Soup version 0.31-a0-743-g45f7035092 (webtiles) character file.

Game seed: 6484330622770336252

310251 jlumianski the Slayer (level 21, -20/120 HPs)
             Began as a Gargoyle Fighter on Sept 11, 2023.
             Was the Champion of Qazlal.
             Killed from afar by a hellephant (60 damage)
             ... with a blast of flame
             ... on level 3 of the Abyss on Sept 12, 2023.
             The game lasted 04:22:36 (47375 turns).

jlumianski the Slayer (Gargoyle Fighter)           Turns: 47375, Time: 04:22:36

Health: -20/120    AC: 57    Str: 30 (31) XL:     21   Next: 62%
Magic:  17/34      EV:  8    Int: 14      God:    Qazlal [******]
Gold:   1391       SH: 30    Dex: 16 (17) Spells: 20/20 levels left

rFire   . . .        O - +1 war axe (vamp)
rCold   . . .        w - +2 kite shield
rNeg    + . .        T - +10 plate armour {ponderous}
rPois   ∞            h - +1 helmet
rElec   +            F - +2 cloak
rCorr   .            s - +1 pair of gloves {infuse}
SInv    .            o - +2 pair of boots
Will    +....        Y - amulet of reflection Stlth
                     I - ring of the Circus Animal {rElec Str+6 Dex+5}
HPRegen 0.40/turn    i - +4 ring of slaying
MPRegen 0.24/turn

%: repel missiles, reflection, infuse magic (1 MP)
@: protected from physical damage, flying, studying Staves, slow
A: sickness immunity, AC +16, big wings, negative energy resistance 1,
electricity resistance, torment resistance 1, petrification resistance,
camouflage 1, agile 1, clever 1, weak 1, [deterioration 1], [frail 2],
[inability to drink after injury 2]
}: 1/15 runes: serpentine
a: Renounce Religion, Upheaval, Elemental Force, Disaster Area


You were on level 3 of the Abyss.
You worshipped Qazlal.
Qazlal was exalted by your worship.
You visited 8 branches of the dungeon, and saw 36 of its levels.
You visited the Abyss 1 time.
You also visited: Gauntlet and Ice Cave.

You collected 5527 gold pieces.
You spent 4136 gold pieces at shops.

Inventory:

Hand Weapons
 c - the +7 short sword of Kogu {freeze, rPois rF- rN+++ Stlth-}
   (You took it off a yaktaur captain on level 1 of the Vaults)

   rF-:       It makes you vulnerable to fire.
   rPois:     It protects you from poison rN+++: It renders you almost immune to
   negative energy.
   Stlth-:    It makes you less stealthy.
 B - a +3 broad axe of electrocution
 E - a +3 broad axe of flaming
 O - a +1 vampiric war axe (weapon)
Missiles
 e - 4 curare-tipped darts
 z - 32 poisoned darts (quivered)
 G - a throwing net
 H - 16 boomerangs
Armour
 h - a +1 helmet (worn)
 o - a +2 pair of boots (worn)
 s - a +1 pair of gloves of infusion (worn)
 w - a +2 kite shield (worn)
 F - a +2 cloak (worn)
 T - a +10 plate armour of ponderousness (worn)
Jewellery
 i - a +4 ring of slaying (right hand)
 l - the ring "Jefyxax" {Wiz Str+3 SInv Stlth+}
   (You found it on level 5 of the Lair of Beasts)

   [ring of wizardry]

   Wiz:       It improves your spell success rate.
   Str+3:     It affects your strength (+3).
   SInv:      It lets you see invisible.
   Stlth+:    It makes you more stealthy.
 r - a ring of see invisible
 v - a ring of resist corrosion
 I - the ring of the Circus Animal (left hand) {rElec Str+6 Dex+5}
   (You bought it in a shop on level 12 of the Dungeon)

   [ring of strength]

   Str+6:     It affects your strength (+6).
   Dex+5:     It affects your dexterity (+5).
   rElec:     It insulates you from electricity.
 L - a ring of protection from cold
 U - a ring of fire
 Y - an amulet of reflection (around neck)
Wands
 a - a wand of mindburst (7)
 u - a wand of paralysis (51)
 C - a wand of roots (18)
 D - a wand of digging (9)
 J - a wand of quicksilver (21)
Scrolls
 b - 10 scrolls of teleportation
 g - 9 scrolls of poison
 q - 6 scrolls of blinking
 x - a scroll of enchant weapon
 y - 4 scrolls of fog
 K - 4 scrolls of fear
 N - 7 scrolls of silence
 Q - a scroll of butterflies
Potions
 d - 5 potions of might
 f - 3 potions of invisibility
 j - 5 potions of enlightenment
 m - 11 potions of curing
 p - 3 potions of heal wounds
 t - 5 potions of cancellation
 A - 6 potions of haste
 R - 2 potions of resistance
 S - 2 potions of berserk rage
Miscellaneous
 n - a phial of floods


   Skills:
 * Level 22.0 Fighting
 + Level 17.3(17.4) Axes
 + Level 1.1(12.3) Maces & Flails
 + Level 1.8 Throwing
 + Level 13.6 Armour
 - Level 0.6 Dodging
 - Level 5.0 Stealth
 + Level 19.3 Shields
 * Level 18.8 Invocations
 * Level 11.6 Evocations


You had 20 spell levels left.
You didn't know any spells.
Your spell library contained the following spells:

 Spells                   Type           Power      Damage    Failure   Level
 Magic Dart               Conj           0%         1d3       91%         1
 Slow                     Hex            0%         N/A       91%         1
 Blink                    Tloc           0%         N/A       97%         2
 Call Imp                 Summ           0%         N/A       97%         2
 Ensorcelled Hibernation  Hex/Ice        0%         N/A       97%         2
 Jinxbite                 Hex            0%         N/A       97%         2
 Lesser Beckoning         Tloc           0%         N/A       97%         2
 Momentum Strike          Conj/Tloc      0%         3d8       97%         2
 Poisonous Vapours        Pois/Air       0%         N/A       97%         2
 Call Canine Familiar     Summ           0%         N/A       99%         3
 Confusing Touch          Hex            0%         N/A       99%         3
 Mephitic Cloud           Conj/Pois/Air  0%         N/A       99%         3
 Ozocubu's Armour         Ice            0%         N/A       99%         3
 Sigil of Binding         Hex            0%         N/A       99%         3
 Tukima's Dance           Hex            0%         N/A       99%         3
 Vampiric Draining        Necr           0%         2d6       99%         3
 Anguish                  Hex/Necr       0%         N/A       100%        4
 Animate Dead             Necr           0%         N/A       100%        4
 Cause Fear               Hex            0%         N/A       100%        4
 Dimensional Bullseye     Hex/Tloc       0%         N/A       100%        4
 Dispel Undead            Necr           0%         3d6       100%        4
 Leda's Liquefaction      Hex/Erth       0%         N/A       100%        4
 Passage of Golubria      Tloc           0%         N/A       100%        4
 Vhi's Electric Charge    Tloc/Air       0%         N/A       100%        4
 Arcjolt                  Conj/Air       0%         1d10      100%        5
 Fireball                 Conj/Fire      0%         3d3       100%        5
 Freezing Cloud           Conj/Ice/Air   0%         6-21      100%        5
 Metabolic Englaciation   Hex/Ice        0%         N/A       100%        5
 Summon Forest            Summ/Tloc      0%         N/A       100%        5
 Yara's Violent Unravell  Hex/Tmut       0%         3d3       100%        5
 Death Channel            Necr           0%         N/A       100%        6
 Eringya's Noxious Bog    Tmut/Pois      0%         4d6       100%        6
 Simulacrum               Ice/Necr       0%         N/A       100%        6
 Haunt                    Necr/Summ      0%         N/A       100%        7
 Summon Hydra             Summ           0%         N/A       100%        7
 Infestation              Necr           0%         N/A       100%        8
 Maxwell's Capacitive Co  Air            0%         ∞         100%        8
 Dragon's Call            Summ           0%         N/A       100%        9
 Cigotuvi's Dreadful Rot  Necr/Pois/Air  Unusable   N/A       N/A         2

Dungeon Overview and Level Annotations

Branches:
Dungeon (15/15)            Temple (1/1) D:7            Lair (5/5) D:10
  Swamp (3/4) Lair:3        Snake (4/4) Lair:3        Slime (0/5) Lair:4
    Orc (2/2) D:12            Elf (3/3) Orc:2        Vaults (3/5) D:14
  Crypt (0/3) Vaults:2     Depths (0/4) D:15          IceCv (visited)
Gauntlet (visited)

Altars:
Ashenzari
Cheibriados
Dithmenos
Elyvilon
Fedhas
Gozag
Hepliaklqana
Kikubaaqudgha
Makhleb
Okawaru
Qazlal
Sif Muna
Trog
Uskayaw
Vehumet
Wu Jian
Xom
Yredelemnul
Zin
The Shining One
Jiyva

Shops:
D:3 [   D:9 *   D:10 !*   D:12 =([?   Orc:1 :!   Orc:2 *(:?!   Elf:1 (:
Snake:1 (   Snake:2 :[!   Vaults:2 *[

Portals:
Trove: D:12 (give +3 gold dragon scales)

Annotations:
D:7 1 runed translucent door, Crazy Yiuf


Innate Abilities, Weirdness & Mutations

You are immune to sickness and miasma.
Your stone body is resilient. (AC +16)
You are immune to poison.
Your large and strong wings let you fly.
You resist negative energy. (rN+)
You are resistant to electric shocks. (rElec)
You are resistant to unholy torment.
You are immune to petrification.
Your skin changes colour to match your surroundings (Stealth+).
You are agile. (Dex +4, Str/Int -1)
Your mind is acute. (Int +4, Str/Dex -1)
You are weak. (Str -2)
[Your body sometimes deteriorates upon taking damage.]
[You are very frail. (-20% HP)]
[You sometimes lose the ability to drink potions when taking damage.]


Message History

The hellephant is heavily wounded.
You slash the bone dragon! You block the hellephant's attack. x2
The hellephant barely misses you.
The bone dragon bites you but does no damage.
The bone dragon claws you but does no damage.
The bone dragon tramples you!
You hold your ground!
You barely miss the hellephant.
The hellephant is heavily wounded.
You hit the bone dragon but do no damage.
Your protection from fire is fading.
A lurking horror comes into view.
You block the hellephant's attack.
The hellephant bites you but does no damage.
You block the hellephant's attack. You block the bone dragon's attack. x2
The bone dragon tramples you but does no damage.
You slice the hellephant!!
The hellephant is severely wounded.
You hit the bone dragon.
The hellephant blinks!
You block the bone dragon's attack. x2; The bone dragon closely misses you.
You hit the bone dragon but do no damage.
The bone dragon is heavily damaged.
You slash the bone dragon!
The bone dragon is severely damaged.
The bone dragon is engulfed in freezing vapours.
The bone dragon bites you!
Your resistance to fire fades away.
You feel protected from physical attacks.
You block the bone dragon's attack. x2
Aim the phial where?
Press: ? - help, Shift-Dir - straight line
Okay, then.
Aiming: Quicksilver Bolt
Press: ? - help, Shift-Dir - straight line, f - bone dragon
Aim: a bone dragon (freezing vapour, severely damaged, 95% to hit)
The bolt of dispelling energy hits the bone dragon!!
The bone dragon is severely damaged.
The hellephant breathes flames at you. The blast of flame hits you!!!
Ouch! That really hurt!
You die...

, # φ #.# ###
,.≈≈. .
##⌠#####⌠# #≈..≈.
#....☼..D#.....#
..#....°§@.*x..##
#...#.##.§Y..#.#
. . .
##.#........# #
.#. # #....#....
...# ..# .#....#
.## #.. #....
.#...≈. ..
###..#.. #..####.
# .# . . ..# .


You could see a bone dragon, a hellephant (catching breath), a small abomination
and a lurking horror.

Vanquished Creatures
  Bai Suzhen (Snake:3)
  Saint Roka (Elf:2)
  Jorgrun (Elf:1)
  2 deep elf blademasters (Elf:3)
  A deep elf master archer (Elf:3)
  The ghost of jlumianski the Warrior, an adept GrFi of Okawaru (Swamp:1)
  Frances (Swamp:2)
  2 tentacled starspawn (Abyss:3)
  A storm dragon (Vaults:2)
  A fenstrider witch (Swamp:1)
  4 nagarajas
  4 frost giants
  A deep elf sorcerer (Elf:2)
  The ghost of anansati the Black Belt, an adept TeGl of Cheibriados (Swamp:1)
  9 vault wardens
  11 ironbound preservers
  An orc warlord (Vaults:2)
  2 stone giants
  The ghost of Eugor the Eclecticist, a journeyman DECj of Vehumet (Swamp:1)
  2 deep elf demonologists
  4 bunyips
  3 eleionomae
  5 ironbound thunderhulks
  5 deep elf annihilators
  A lorocyproca (Abyss:3)
  Nessos (D:13)
  A minotaur (Gauntlet)
  5 dire elephants
  A white draconian (IceCv)
  2 ettins
  A deep elf death mage (Elf:2)
  A merfolk javelineer (Abyss:3)
  3 deep elf high priests
  Snorg (D:13)
  3 entropy weavers
  11 yaktaur captains
  A shambling mangrove (Swamp:2)
  Josephine (D:13)
  4 great orbs of eyes
  2 ogre magi (Vaults:1)
  4 salamander tyrants
  5 alligators (Swamp:1)
  4 hydras
  15 anacondas
  10 ironbound frosthearts
  6 centaur warriors
  7 ice dragons
  4 boulder beetles
  A ghost crab (Swamp:1)
  30 dancing weapons
  A tengu warrior (D:15)
  13 naga warriors
  6 two-headed ogres
  A sphinx skeleton (Vaults:2)
  The ghost of jlumianski the Martial Artist, a novice DsFi of Wu Jian (D:10)
  12 naga sharpshooters
  3 orc high priests
  13 shock serpents
  4 thrashing horrors (Abyss:3)
  7 salamander mystics
  2 wretched stars (Abyss:3)
  5 skeletal warriors
  2 spectral anacondas (Snake:1)
  13 deep elf knights
  A skyshark (Lair:3)
  4 goliath frogs
  26 deep trolls
  2 spatial maelstroms (Abyss:3)
  3 anaconda zombies (Snake:1)
  A glowing orange brain (Abyss:3)
  A flayed ghost (Abyss:3)
  An orange crystal statue (IceCv)
  2 wizards (Vaults:3)
  2 bog bodies
  7 ironbound convokers
  2 swamp dragons
  11 deep elf archers
  9 naga ritualists
  Pikel (D:3)
  4 harpies (Vaults:2)
  9 lindwurms
  11 orc knights
  17 deep elf pyromancers
  A necromancer (Gauntlet)
  14 mana vipers
  18 deep elf zephyrmancers
  6 cyclopes
  A wolf spider (D:15)
  3 tengu skeletons (Vaults:2)
  5 will-o-the-wisps
  19 salamanders
  3 orc sorcerers
  16 ugly things
  17 elephants
  A worldbinder (Abyss:3)
  An elephant (shapeshifter) (Vaults:2)
  2 fire giant skeletons (Vaults:2)
  4 manticores
  18 naga magi
  9 vault sentinels
  A rust devil (Abyss:3)
  3 human skeletons (Vaults:2)
  2 stone giant skeletons (Vaults:2)
  8 guardian serpents
  3 apocalypse crabs (Abyss:3)
  45 black mambas
  2 smoke demons (Abyss:3)
  A torpor snail (Lair:4)
  3 molten gargoyles (Lair:5)
  A gargoyle (D:12)
  9 cane toads
  An unseen horror (D:12)
  Maggie (D:7)
  A yaktaur (shapeshifter) (Vaults:1)
  16 rime drakes
  3 ancient zymes (Abyss:3)
  4 freezing wraiths
  28 yaktaurs
  6 komodo dragons
  8 anaconda simulacra (Snake:1)
  A guardian mummy (D:12)
  3 hellwings (Abyss:3)
  A meliai (shapeshifter) (D:14)
  2 yaktaur skeletons (Vaults:2)
  6 trolls
  8 polar bears (IceCv)
  12 tyrant leeches
  5 hornets (Swamp:2)
  A dream sheep (shapeshifter) (D:15)
  5 dream sheep (Lair:2)
  21 blink frogs
  6 saltlings
  38 slime creatures
  5 shadows
  3 water elementals (Elf:1)
  2 ettin skeletons (Vaults:2)
  An elf simulacrum (Vaults:3)
  2 air elementals (Elf:1)
  3 spriggans (Swamp:2)
  A vampire (D:14)
  4 wraiths (D:13)
  7 wyverns
  2 ynoxinuls (Abyss:3)
  4 fire elementals
  45 yaks
  4 basilisks
  2 steam dragons (Lair:5)
  3 redbacks (Vaults:1)
  29 nagas
  A warg (shapeshifter) (Elf:2)
  7 swamp worms
  An acid dragon (D:13)
  20 vampire mosquitoes
  A spatial vortex (Abyss:3)
  6 wargs
  2 glowing shapeshifter skeletons (Vaults:2)
  5 hell hounds
  2 large abominations (Abyss:3)
  7 water moccasins
  An ogre skeleton (Vaults:2)
  32 orc warriors
  A swamp drake (Swamp:2)
  A sky beast (D:6)
  3 black bears
  An ice beast (D:6)
  3 boggarts (D:15)
  4 ogres
  6 centaurs
  17 wolves
  2 lemures (D:3)
  2 kobold brigands
  A small abomination (Abyss:3)
  9 bullfrogs
  3 gnoll sergeants
  3 earth elementals
  A scorpion (D:6)
  15 wights
  10 killer bees
  2 howler monkeys
  4 electric eels
  7 lava snakes
  5 jellies
  16 orc priests
  4 hounds
  5 iguanas
  Ijyb (D:3)
  28 orc wizards
  14 adders
  14 gnolls
  2 shadow imps
  4 white imps
  4 ufetubi
  2 worms
  2 dart slugs
  72 orcs
  4 endoplasms
  A giant cockroach (D:1)
  4 goblins
  5 hobgoblins
  4 jackals
  9 kobolds
  3 quokkas
  8 ball pythons
  3 bats
  4 frilled lizards
  11 rats
  2 lurking horrors (Abyss:3)
  4 starspawn tentacles (Abyss:3)
1312 creatures vanquished.

Vanquished Creatures (collateral kills)
  A deep elf elementalist (Elf:3)
  A deep elf annihilator (Elf:3)
  2 deep elf death magi (Elf:3)
  2 eleionomae (Swamp:2)
  A fire dragon (Lair:5)
  2 ice dragons (IceCv)
  A salamander tyrant (Snake:4)
  A naga ritualist (Snake:4)
  2 deep elf zephyrmancers (Elf:2)
  A deep elf pyromancer (Elf:2)
  3 salamanders (Snake:4)
  A mana viper (Snake:4)
  A black mamba (Snake:4)
  A guardian serpent (Snake:4)
  A guardian mummy (D:12)
  A hornet (Swamp:2)
  A spriggan (Swamp:2)
  3 orc warriors (Elf:2)
  An ogre (Elf:2)
  An orc wizard (Elf:2)
  3 orcs (Elf:2)
  A spectral weapon (Snake:3)
32 creatures vanquished.

Vanquished Creatures (others)
  An alligator (Swamp:1)
  A spriggan (Swamp:1)
  A deep elf zephyrmancer (Elf:2)
  3 deep elf pyromancers
  A hornet (Swamp:1)
  A polar bear (IceCv)
  4 bloated husks
  A vampire mosquito (D:12)
  A swamp worm (Swamp:2)
  24 foxfires
  4 starspawn tentacles (Abyss:3)
42 creatures vanquished.

Grand Total: 1386 creatures vanquished

Notes
Turn   | Place    | Note
-------+----------+-------------------------------------------
     0 | D:1      | jlumianski the Gargoyle Fighter began the quest for the
                  | Orb.
     0 | D:1      | Reached XP level 1. HP: 14/14 MP: 1/1
    66 | D:1      | Reached XP level 2. HP: 19/19 MP: 2/2
   375 | D:1      | Reached XP level 3. HP: 23/23 MP: 3/3
   876 | D:2      | Found a faded altar of an unknown god.
  1159 | D:2      | Reached XP level 4. HP: 28/28 MP: 4/4
  1178 | D:3      | Noticed Ijyb
  1832 | D:3      | Found Ejiuc's Antique Armour Shop.
  1987 | D:4      | Reached XP level 5. HP: 33/33 MP: 5/5
  2099 | D:5      | Entered Level 5 of the Dungeon
  2130 | D:5      | Reached XP level 6. HP: 27/38 MP: 6/6
  2211 | D:4      | Reached skill level 4 in Fighting
  2591 | D:3      | Reached skill level 5 in Armour
  2965 | D:3      | Paralysed by Ijyb for 4 turns
  2976 | D:3      | Killed Ijyb
  3269 | D:3      | Bought a runed kite shield for 157 gold pieces
  3309 | D:4      | Noticed Pikel
  3363 | D:3      | Killed Pikel
  3364 | D:3      | Reached skill level 5 in Axes
  3364 | D:3      | Reached XP level 7. HP: 39/44 MP: 7/7
  3364 | D:3      | Reached XP level 8. HP: 43/48 MP: 8/8
  3808 | D:5      | Paralysed by a gnoll for 2 turns
  5161 | D:6      | Reached skill level 5 in Fighting
  5161 | D:6      | Reached skill level 5 in Shields
  5242 | D:6      | Gained mutation: You are weak. (Str -2) [potion of
                  | mutation]
  5242 | D:6      | Gained mutation: Your skin changes colour to match your
                  | surroundings (Stealth+). [potion of mutation]
  5242 | D:6      | Gained mutation: You are agile. (Dex +4, Str/Int -1)
                  | [potion of mutation]
  5242 | D:6      | Gained mutation: Your mind is acute. (Int +4, Str/Dex -1)
                  | [potion of mutation]
  5376 | D:6      | Found a hide-covered altar of Uskayaw.
  5485 | D:6      | Reached XP level 9. HP: 54/54 MP: 9/9
  5692 | D:7      | Found a staircase to the Ecumenical Temple.
  5699 | Temple   | Entered the Ecumenical Temple
  5798 | Temple   | Became a worshipper of Qazlal Stormbringer
  6125 | D:7      | Found a runed translucent door.
  6126 | D:7      | Noticed Crazy Yiuf
  6188 | D:7      | Noticed Maggie
  6226 | D:7      | Reached skill level 1 in Invocations
  6431 | D:7      | Found an iron altar of Okawaru.
  6631 | D:7      | Killed Maggie
  6632 | D:7      | Reached skill level 6 in Fighting
  7242 | D:8      | Reached * piety under Qazlal
  7514 | D:8      | Reached XP level 10. HP: 59/61 MP: 12/12
  7747 | D:8      | Found a glowing golden altar of the Shining One.
  8660 | D:9      | Found Vosut's Gadget Gallery.
  8795 | D:10     | Entered Level 10 of the Dungeon
  8880 | D:9      | Reached skill level 7 in Fighting
  8997 | D:9      | Found a shimmering blue altar of Sif Muna.
  8999 | D:9      | Noticed a two-headed ogre
  9005 | D:9      | Killed a two-headed ogre
  9072 | D:9      | Reached skill level 5 in Invocations
  9372 | D:11     | Noticed a two-headed ogre
  9382 | D:11     | Killed a two-headed ogre
  9504 | D:10     | Found Seeku's Distillery.
  9572 | D:10     | Bought 2 potions of might for 112 gold pieces
  9572 | D:10     | Bought a potion of curing for 42 gold pieces
  9664 | D:10     | Reached XP level 11. HP: 68/68 MP: 15/15
  9709 | D:10     | Reached ** piety under Qazlal
  9832 | D:10     | Identified the +0 buckler of Misanthropy {rPois rC+}
  9854 | D:10     | Found a staircase to the Lair.
 10118 | D:10     | Found a runed translucent door.
 10118 | D:10     | Noticed jlumianski's ghost (novice DsFi)
 10118 | D:10     | Noticed a manticore
 10232 | D:10     | Found Umpan's CLEARANCE SALE!.
 10242 | D:10     | Bought a scroll of enchant armour for 37 gold pieces
 10485 | D:10     | Killed jlumianski's ghost
 10486 | D:10     | Reached skill level 8 in Fighting
 10486 | D:10     | Reached skill level 10 in Axes
 10486 | D:10     | Killed a manticore
 10639 | D:11     | Noticed a two-headed ogre
 10662 | D:11     | Killed a two-headed ogre
 10971 | D:11     | You are sucked into a shaft and drop 2 floors!
 10992 | D:13     | Noticed a deep elf pyromancer
 10998 | D:13     | Killed a deep elf pyromancer
 11270 | D:11     | Noticed a manticore
 11301 | D:11     | Killed a manticore
 11616 | D:12     | Noticed a boulder beetle
 11633 | D:12     | Killed a boulder beetle
 11727 | D:12     | Found Hentusk's Jewellery Emporium.
 11765 | D:13     | Noticed a cyclops
 11767 | D:13     | Noticed a cyclops
 11890 | D:13     | Reached skill level 1 in Throwing
 12204 | D:14     | Found a gate leading to a gauntlet.
 12237 | Gauntlet | Entered a Gauntlet
 12237 | Gauntlet | Found a transporter.
 12239 | Gauntlet | Noticed a necromancer
 12246 | Gauntlet | Found a transporter.
 12248 | Gauntlet | Found a transporter.
 12254 | Gauntlet | Noticed a worldbinder
 12272 | Gauntlet | Found a transporter.
 12274 | Gauntlet | Found a transporter.
 12284 | Gauntlet | Noticed a ghost crab
 12287 | Gauntlet | Found a transporter.
 12303 | Gauntlet | Noticed a wretched star
 12304 | Gauntlet | Found a transporter.
 12313 | Gauntlet | Found a runed translucent gate.
 12314 | Gauntlet | Found a transporter.
 12314 | Gauntlet | Found a runed translucent gate.
 12315 | Gauntlet | Found a runed translucent gate.
 12316 | Gauntlet | Noticed a reaper
 12322 | Gauntlet | Noticed a dire elephant
 12324 | Gauntlet | Found a transporter.
 12339 | Gauntlet | Found a transporter.
 12349 | Gauntlet | Found a transporter.
 12355 | Gauntlet | Found a transporter.
 12385 | Gauntlet | Killed a necromancer
 12386 | Gauntlet | Reached skill level 9 in Fighting
 12386 | Gauntlet | Reached XP level 12. HP: 76/76 MP: 13/17
 12465 | Gauntlet | Found a transporter.
 12723 | Gauntlet | Identified a scroll of acquirement
 12723 | Gauntlet | Acquired a manual of Invocations
 12756 | Gauntlet | Killed a dire elephant
 12945 | Gauntlet | Noticed a minotaur
 12955 | Gauntlet | Killed a minotaur
 12988 | D:15     | Entered Level 15 of the Dungeon
 13234 | D:13     | Noticed a boulder beetle
 13248 | D:13     | Killed a boulder beetle
 13324 | D:13     | Noticed Snorg
 13334 | D:13     | Killed Snorg
 13465 | D:13     | Noticed Josephine
 13469 | D:13     | Noticed a centaur warrior
 13483 | D:13     | Killed a centaur warrior
 13484 | D:13     | Reached skill level 10 in Fighting
 13678 | Lair:1   | Entered Level 1 of the Lair of Beasts
 14455 | Lair:2   | Noticed an eight-headed hydra
 14470 | Lair:2   | Killed an eight-headed hydra
 14471 | Lair:2   | Reached skill level 10 in Shields
 14471 | Lair:2   | Reached XP level 13. HP: 59/83 MP: 12/20
 14652 | Lair:2   | Reached skill level 10 in Invocations
 14688 | Lair:2   | Reached *** piety under Qazlal
 14748 | Lair:2   | Reached skill level 11 in Fighting
 15739 | Lair:3   | Found a staircase to the Swamp.
 16593 | Lair:3   | Found a staircase to the Snake Pit.
 16662 | Lair:5   | Entered Level 5 of the Lair of Beasts
 16771 | Lair:4   | Reached **** piety under Qazlal
 16772 | Lair:4   | Reached skill level 10 in Armour
 16784 | Lair:4   | Found a staircase to the Slime Pits.
 16786 | Lair:4   | Found a viscous altar of Jiyva.
 17634 | Lair:4   | Reached skill level 12 in Fighting
 17871 | Lair:5   | Gained mutation: Your large and strong wings let you fly.
                  | [Gargoyle growth]
 17871 | Lair:5   | Reached XP level 14. HP: 71/92 MP: 19/23
 17941 | Lair:4   | Reached skill level 1 in Evocations
 17988 | Lair:4   | Reached ***** piety under Qazlal
 18774 | Lair:5   | Found a large runed translucent door.
 18774 | Lair:5   | Found a large runed translucent door.
 18951 | Lair:5   | HP: 3/92 [molten gargoyle/+0 mace (7)]
 19367 | Lair:5   | Identified the ring "Jefyxax" {Wiz Str+3 SInv Stlth+}
 19743 | D:13     | Killed Josephine
 20255 | D:13     | Noticed Nessos
 20263 | D:13     | Killed Nessos
 20586 | D:14     | Reached skill level 13 in Fighting
 20656 | D:14     | Found a gate to the Vaults.
 20730 | D:14     | Reached skill level 1 in Maces & Flails
 21097 | D:14     | Reached XP level 15. HP: 99/99 MP: 12/25
 21499 | D:15     | Acquired 877 gold pieces
 21561 | D:12     | Bought a +4 ring of slaying for 858 gold pieces
 21567 | D:12     | Found Hismuacs's Weapon Shoppe.
 21571 | D:12     | Found a staircase to the Orcish Mines.
 21574 | D:12     | Found Lynauty's Armour Shoppe.
 21666 | D:12     | Bought the ring of the Circus Animal {rElec Str+6 Dex+5}
                  | for 665 gold pieces
 22101 | D:12     | Found Qomeus's Magic Scroll Boutique.
 22142 | D:12     | Found a portal to a secret trove of treasure.
 22587 | Orc:1    | Entered Level 1 of the Orcish Mines
 22632 | Orc:1    | Found Vodd's Self-Improvement Boutique.
 22865 | Orc:2    | Entered Level 2 of the Orcish Mines
 23386 | Orc:1    | Found Hih Qies's Distillery.
 23395 | Orc:1    | Bought 2 potions of might for 104 gold pieces
 23395 | Orc:1    | Bought a potion of berserk rage for 65 gold pieces
 24323 | Orc:2    | Found Qiuvaasm's Book Shoppe.
 24374 | Orc:2    | Found Leobb's Magic Scroll Shoppe.
 24388 | Orc:2    | Found Qijoxt's Distillery.
 24537 | Orc:2    | Bought a potion of heal wounds for 55 gold pieces
 24541 | Orc:2    | Bought a scroll of brand weapon for 152 gold pieces
 24541 | Orc:2    | Bought a scroll of enchant armour for 120 gold pieces
 24629 | Orc:2    | Found Votsauxe's Weapon Shop.
 24741 | Orc:2    | Found a staircase to the Elven Halls.
 24748 | Orc:2    | Found Taohar's General Store.
 25239 | D:15     | Reached skill level 14 in Fighting
 25239 | D:15     | Reached skill level 5 in Evocations
 25291 | D:15     | Reached ****** piety under Qazlal
 25444 | D:15     | Found a blossoming altar of Fedhas.
 25731 | D:15     | Found a staircase to the Depths.
 26211 | Snake:1  | Entered Level 1 of the Snake Pit
 26231 | Lair:3   | Reached skill level 15 in Invocations
 26250 | Lair:3   | Reached XP level 16. HP: 89/106 MP: 24/27
 27644 | Snake:1  | Found Yfifuokh's Antique Weapon Boutique.
 27778 | Snake:2  | Found Walever's Distillery.
 27780 | Snake:2  | Found Ichinott's Armour Boutique.
 27783 | Snake:2  | Found Gaxiygol's Book Shop.
 28043 | Snake:2  | Reached skill level 15 in Fighting
 28213 | Snake:2  | Reached skill level 15 in Axes
 28395 | Snake:3  | Found a shimmering altar of Xom.
 28395 | Snake:3  | Noticed Bai Suzhen
 28408 | Snake:3  | Killed Bai Suzhen
 28409 | Snake:3  | Reached skill level 5 in Stealth
 28409 | Snake:3  | Reached XP level 17. HP: 101/113 MP: 13/28
 29554 | Snake:4  | Entered Level 4 of the Snake Pit
 29640 | Snake:4  | Found a frozen archway.
 29681 | IceCv    | Entered an ice cave
 29829 | IceCv    | Reached skill level 15 in Shields
 30510 | IceCv    | Reached skill level 16 in Fighting
 31178 | Orc:2    | Bought a scroll of acquirement for 832 gold pieces
 31181 | Orc:2    | Acquired 1121 gold pieces
 31186 | Orc:2    | Bought a scroll of acquirement for 832 gold pieces
 31188 | Orc:2    | Acquired a manual of Fighting
 31266 | D:12     | Bought a scroll of enchant weapon for 105 gold pieces
 32161 | Snake:4  | Reached XP level 18. HP: 98/122 MP: 1/30
 32251 | Snake:4  | Found a bloodstained altar of Trog.
 32766 | Snake:4  | Reached skill level 17 in Fighting
 33814 | Snake:4  | Got a serpentine rune of Zot
 34146 | Swamp:1  | Entered Level 1 of the Swamp
 34151 | Swamp:1  | Paralysed by a fenstrider witch for 4 turns
 34507 | Swamp:1  | Found a runed translucent gate.
 34507 | Swamp:1  | Found a runed translucent gate.
 34507 | Swamp:1  | Found a runed translucent gate.
 34507 | Swamp:1  | Noticed jlumianski's ghost (adept GrFi)
 34508 | Swamp:1  | Noticed Eugor's ghost (journeyman DECj)
 34508 | Swamp:1  | Noticed anansati's ghost (adept TeGl)
 35477 | Swamp:1  | Killed Eugor's ghost
 35495 | Swamp:1  | Killed anansati's ghost
 35507 | Swamp:1  | Killed jlumianski's ghost
 35534 | Swamp:1  | Identified the ring of Diupn {AC+4 Dex+3 Stlth+}
 35750 | Swamp:2  | Reached skill level 18 in Fighting
 35926 | Swamp:2  | Noticed Frances
 35937 | Swamp:2  | Killed Frances
 35938 | Swamp:2  | Reached XP level 19. HP: 130/130 MP: 1/31
 36099 | Swamp:2  | Found a burning altar of Makhleb.
 36711 | D:10     | Upgraded the game from 0.31-a0-728-g01b46875f1 to
                  | 0.31-a0-740-g87205ac768
 36812 | Vaults:1 | Entered Level 1 of the Vaults
 37756 | Vaults:1 | Reached skill level 19 in Fighting
 38243 | Vaults:1 | Identified the +7 short sword of Kogu {freeze, rPois rF-
                  | rN+++ Stlth-}
 38247 | Vaults:1 | Paralysed by a floating eye for 3 turns
 38255 | Vaults:1 | Identified the +6 spear "Masm" {drain, rElec rCorr Dex-5}
 38280 | Vaults:1 | Identified the +0 robe "Fair" {rC++ Str-2 Dex+4 Slay+3}
 39519 | Vaults:2 | Reached skill level 10 in Evocations
 39871 | Vaults:2 | Reached skill level 20 in Fighting
 40159 | Vaults:2 | Found a transporter.
 40181 | Vaults:2 | Found a transporter.
 40490 | Vaults:2 | Found a staircase to the Crypt.
 40508 | Vaults:2 | Reached XP level 20. HP: 138/140 MP: 0/32
 40920 | Vaults:2 | Found Meuduj's Assorted Antiques.
 40950 | Vaults:2 | Found Kitram's Armour Shop.
 41771 | Vaults:2 | Paralysed by a great orb of eyes for 3 turns
 41887 | Vaults:2 | Identified the ring of Ascent {*Corrode rN+ Str+5 Dex+4}
 42100 | Vaults:3 | Upgraded the game from 0.31-a0-740-g87205ac768 to
                  | 0.31-a0-743-g45f7035092
 42444 | Vaults:3 | Reached skill level 21 in Fighting
 42923 | Elf:1    | Entered Level 1 of the Elven Halls
 42977 | Elf:1    | Found Tatorof's Book Shop.
 43493 | Elf:1    | Paralysed by an air elemental for 1 turns
 43500 | Elf:1    | Paralysed by an air elemental for 1 turns
 43888 | Elf:1    | Paralysed by an air elemental for 1 turns
 44114 | Elf:1    | Found Kelaqam's Antique Weapon Boutique.
 44136 | Elf:3    | Entered Level 3 of the Elven Halls
 44973 | Elf:2    | Noticed Jorgrun
 44990 | Elf:1    | Killed Jorgrun
 45338 | Elf:2    | Noticed Saint Roka
 45388 | Elf:2    | Killed Saint Roka
 45389 | Elf:2    | Reached XP level 21. HP: 104/149 MP: 21/34
 45507 | Elf:2    | Found a runed translucent gate.
 45508 | Elf:2    | Found a runed translucent gate.
 45508 | Elf:2    | Found a runed translucent gate.
 47050 | Abyss:3  | Cast into level 3 of the Abyss (a deep elf demonologist)
 47321 | Abyss:3  | Reached skill level 22 in Fighting
 47338 | Abyss:3  | Noticed a bone dragon
 47375 | Abyss:3  | Killed from afar by a hellephant

Illustrated notes

Levels and vault maps discovered:
D:1:      saegor_arrival_simple_c, layout_loops_ring
D:2:      layout_basic, ebering_ecumenical_altar_petrified,
          chequers_serial_rivers_micro_e, cheibrodos_gnoll_hut
D:3:      layout_basic, serial_shops, nicolae_square_shop, uniq_ijyb
D:4:      layout_basic, mainiacjoe_overflow_catwalk_spiral, uniq_pikel
D:5:      wad_pebble_path, layout_loops_ring
D:6:      layout_basic, nicolae_uskayaw_dance_studio, minmay_statues_item
D:7:      layout_loops_corners, kennysheep_okawaru_gauntlet, temple_fountains,
          minmay_manual_monstrance, uniq_crazy_yiuf_cottage, uniq_maggie
D:8:      layout_basic, kennysheep_mini, kennysheep_small_spiral
D:9:      layout_roguey, mainiacjoe_overflow_six_doors_small, serial_curves,
          eino_curves_02, eino_curves_01, nicolae_shop_gadgets
D:10:     layout_basic, erik_lair_orcish_takeover, ebering_ghost_inner_flame,
          serial_shops, nicolae_inconvenience_store,
          hangedman_decor_diamond_cutter, nicolae_shop_clearance
D:11:     layout_roguey, minmay_crystal_room, abandoned_shop,
          minmay_misc_feat_square
D:12:     layout_loops_ring, orc_david_3, serial_shops, shop,
          nicolae_trove_entry_path_of_doom, minmay_splitting_lines,
          minmay_shop_enchanted_jewellery
D:13:     layout_grid_maze, uniq_josephine, uniq_snorg, uniq_nessos
D:14:     layout_rooms, erik_vaults_1, gauntlet_entry_generic
D:15:     gammafunk_enter_depths_forms, layout_irregular_city,
          fedhas_altar_fruit_tree
Temple:   nicolae_temple_superstar
Lair:1:   layout_loops_ring, bh_autumn_forest_stairs
Lair:2:   layout_cellular_growth
Lair:3:   layout_misc_corridors, minmay_swamp_entry_worms, dummy_snake_entry,
          st_stairs_10, pdpol_lair_cavern_descent
Lair:4:   layout_regular_city, minmay_slime_entry_pillars, lemuel_fruit_tree,
          lemuel_fruit_fields
Lair:5:   cheibrodos_lair_end_hotspot, layout_misc_corridors
Swamp:1:  nicolae_swamp_decorative_isthmus, layout_basic_swamp,
          gammafunk_ghost_cemetery, hangedman_swamp_diagram, swamp_pool3,
          nzn_swamp_dancing_lights
Swamp:2:  layout_basic_swamp, nicolae_swamp_godswood, uniq_frances
Swamp:3:  layout_falls_marsh, evilmike_swamp_ruin_house_3, swamp_pool3,
          uniq_louise
Snake:1:  layout_onion, special_room, serial_shops,
          nicolae_shop_just_a_little_nook, st_stairs_9,
          nicolae_snake_dead_anacondas
Snake:2:  layout_misc_corridors, special_room,
          nicolae_snake_snakes_in_the_grass, minmay_shop_star
Snake:3:  layout_layer_cave, basic_altar, uniq_bai_suzhen
Snake:4:  snake_pit_salamanders_mu, layout_cave_town, basic_altar,
          portal_ice_cave_entry_pillars_1, serial_shops, bzr_entry_customers,
          grunt_megastairs_3
Orc:1:    layout_diamond_mine, basic_altar, serial_shops,
          nicolae_shop_statue_plus, library_closet, nicolae_shop_self_help
Orc:2:    hellmonk_orc_salted, layout_caves, serial_shops,
          nicolae_shop_getting_attention, bh_open_orc_temple
Elf:1:    layout_geoelf_diagonals, serial_shops, shop, shop_statue,
          hangedman_elf_represent
Elf:2:    nicolae_elf_blades_crystal_corner, layout_gridlike, lemuel_elevator,
          uniq_saint_roka, uniq_jorgrun
Elf:3:    grunt_elf_hall_branching, layout_geoelf_octagon
Vaults:1: nicolae_vaults_wine_cellar, v_misc_11, hangedman_vaults_stream,
          nicolae_vaults_storing_the_good_stuff,
          nicolae_vaults_trapezoid_layered, v_pattern_5,
          nicolae_vaults_doubleplus_tesselated, v_misc_18,
          nicolae_vaults_trapezoid_lopsided_3, vaults_dpeg_ring,
          nicolae_vaults_trapezoid_lopsided_2, ontoclasm_vaults_shuriken,
          grunt_vaults_focal, nicolae_vaults_house_2, layout_vaults_omnicross
Vaults:2: vaults_standard_mumra_enter_the_diamond,
          minmay_crypt_entry_skeletal_spiral, nicolae_vaults_network_square,
          nicolae_vaults_house_2, v_pattern_2, hangedman_vaults_river_flow,
          v_misc_16, gammafunk_the_bubble [the_bubble_gammafunk_split],
          v_misc_14, v_misc_12, ontoclasm_vaults_fault,
          nicolae_vaults_taking_the_gang_shopping,
          nicolae_vaults_variable_pillar_hall,
          nicolae_vaults_trapezoid_lopsided_1, layout_vaults_omnibox,
          serial_shops, nicolae_shop_gibbet_a_chance
Vaults:3: nicolae_vaults_turnstiles, nicolae_vaults_minivaults,
          nicolae_vaults_tetromino_T_2, grunt_vaults_bifocal, v_misc_24,
          ontoclasm_vaults_twist, serial_ice_m, nicolae_vaults_tetromino_Z_1,
          hangedman_vaults_stretched_pinwheel,
          nicolae_vaults_variable_pillar_hall, ontoclasm_vaults_chip,
          nicolae_vaults_three_branches, nicolae_vaults_weapon_check,
          hangedman_vaults_restitches, nicolae_vaults_layer_cake_slice,
          layout_vaults_ring
Abyss:3:  base: D:1, hangedman_abyss_or_decor_stagger, hangedman_decor_points,
          evilmike_abyss_rune_ettins, nicolae_abyss_rune_left_handed,
          nicolae_abyss_rune_left_handed

Skill      XL: |  1  2  3  4  5  6  7  8  9 10 11 12 13 14 15 16 17 18 19 20 21 |
---------------+----------------------------------------------------------------+-----
Axes           | 2 3 4 5 7 8 9 10 11 12 13 14 15 16 17 | 17.3
Armour         | 4 5 6 7 8 9 10 11 12 13 | 13.6
Fighting       | 4 5 6 7 9 10 12 13 14 15 16 18 20 21 22 | 22.0
Stealth        | 3 4 5 |  5.0
Shields        | 4 5 6 7 8 10 11 12 13 14 15 16 17 18 19 | 19.3
Invocations    | 3 5 7 9 12 13 15 16 17 18 | 18.8
Throwing       | 1 |  1.8
Evocations     | 3 5 6 8 9 10 11 | 11.6
Maces & Flails | 1 |  1.1
Dodging        | |  0.6

Action                     |  1- 3 |  4- 6 |  7- 9 | 10-12 | 13-15 | 16-18 | 19-21 || total
---------------------------+-------+-------+-------+-------+-------+-------+-------++-------
  Melee: War axe           |   111 |   221 |   331 |   605 |  1020 |  1123 |  1428 ||  4839
         Whip              |       |       |       |     8 |    12 |       |       ||    20
         Broad axe         |       |       |       |       |       |   134 |       ||   134
  Throw: Stone             |       |       |     3 |       |       |       |       ||     3
         Dart              |       |       |     3 |    18 |       |     1 |       ||    22
         Javelin           |       |       |       |     3 |       |       |       ||     3
         Throwing net      |       |       |       |       |       |     1 |       ||     1
 Invoke: Upheaval          |       |       |       |     5 |     3 |     6 |     7 ||    21
         Elemental Force   |       |       |       |       |     4 |     8 |     7 ||    19
         Disaster Area     |       |       |       |       |       |       |     1 ||     1
  Evoke: Wand              |       |     1 |       |     5 |       |     3 |     4 ||    13
    Use: Scroll            |       |     5 |     8 |    14 |     6 |     8 |     1 ||    42
         Potion            |       |     2 |     3 |     2 |     4 |     4 |     3 ||    18
   Stab: Paralysed         |       |     7 |       |     3 |     1 |     4 |     4 ||    19
         Invisible         |       |     2 |       |       |       |       |       ||     2
         Held in net/web   |       |       |       |       |       |     1 |       ||     1
 Armour: Scale mail        |    96 |   133 |       |       |       |       |       ||   229
         Chain mail        |       |    66 |    61 |       |       |       |       ||   127
         Plate armour      |       |       |   212 |   601 |   688 |   785 |   751 ||  3037
  Dodge: Dodged            |    56 |   119 |    65 |   128 |   216 |   206 |   240 ||  1030
         Repelled          |       |       |       |       |     3 |    22 |    12 ||    37
  Block: Buckler           |    28 |    47 |       |       |       |       |       ||    75
         Kite shield       |       |     9 |   207 |   523 |  1085 |  1578 |  1609 ||  5011
         Reflection        |       |       |       |       |       |    38 |   125 ||   163

Table legend: (Time is in decaauts)
 A = Elapsed time spent in this place.
 B = Non-inter-level travel time spent in this place.
 C = Inter-level travel time spent in this place.
 D = Time resting spent in this place.
 E = Time spent auto-exploring this place.
 F = Levels seen in this place.
 G = Mean time per level.
                   A        B        C        D        E       F      G
               +--------+--------+--------+--------+--------+-----+--------+
         Total |  48354 |  45155 |   3199 |   4950 |  23746 |  39 | 1239.8 |
       Dungeon |  17951 |  16633 |   1318 |   1441 |   9651 |  15 | 1196.7 |
        Temple |    111 |    111 |      0 |      0 |      0 |   1 |  111.0 |
          Lair |   6794 |   5894 |    900 |   1020 |   3194 |   5 | 1358.8 |
         Swamp |   2271 |   2172 |     99 |    106 |   1188 |   3 |  757.0 |
     Snake Pit |   6253 |   5911 |    342 |    678 |   2787 |   4 | 1563.2 |
  Orcish Mines |   2462 |   2237 |    225 |    372 |    861 |   2 | 1231.0 |
   Elven Halls |   4338 |   4204 |    134 |    758 |   1839 |   3 | 1446.0 |
        Vaults |   5979 |   5800 |    179 |     26 |   3857 |   3 | 1993.0 |
         Abyss |    296 |    296 |      0 |      0 |      0 |   1 |  296.0 |
      Ice Cave |   1154 |   1154 |      0 |    174 |    367 |   1 | 1154.0 |
      Gauntlet |    740 |    740 |      0 |    374 |      0 |   1 |  740.0 |
               +--------+--------+--------+--------+--------+-----+--------+

Top non-repeatable levels by time:
Vaults:2: 2756 daAuts
Vaults:1: 2613 daAuts
   Elf:2: 2550 daAuts
 Snake:4: 2241 daAuts
    D:13: 2217 daAuts
   Elf:1: 1661 daAuts
    D:12: 1627 daAuts
  Lair:3: 1605 daAuts
    D:10: 1509 daAuts
 Snake:1: 1480 daAuts
     D:7: 1433 daAuts
  Lair:1: 1411 daAuts
  Lair:2: 1395 daAuts
 Snake:3: 1319 daAuts
 Swamp:1: 1316 daAuts
